 Dungeon Crawl Stone Soup version 0.17-a0-1927-g319369b (webtiles) character file.

604 Ordine the Digger (level 7, -4/36 HPs)
             Began as a Gargoyle Earth Elementalist on Sept 29, 2015.
             Was a Follower of Vehumet.
             Slain by an orc warrior
             ... wielding a +0 flail
              (15 damage)
             ... on level 5 of the Dungeon.
             The game lasted 00:18:02 (3847 turns).

Ordine the Digger (Gargoyle Earth Elementalist)     Turns: 3847, Time: 00:18:02

Health: -4/36      AC: 11    Str: 12    XL:     7   Next: 42%
Magic:  8/15       EV: 12    Int: 17    God:    Vehumet [*.....]
Gold:   242        SH:  0    Dex: 10    Spells: 4 memorised, 5 levels left

rFire  . . .     SeeInvis .     w - +2 mace (holy)
rCold  . . .     Clarity  .     b - +1 robe
rNeg   + . .     SustAt   .     (no shield)
rPois  ∞         Gourm    .     (no helmet)
rElec  +         Spirit   .     k - +0 cloak
rCorr  .         Warding  .     (no gloves)
rMut   .         Stasis   .     (no boots)
MR     .....                    (no amulet)
Stlth  ++........               (no ring)
                                (no ring)

@: stone skin, not resistant to hostile enchantments, unstealthy
A: negative energy resistance 1, electricity resistance, unbreathing,
petrification resistance, rot immunity, AC +4
a: Renounce Religion


You were on level 5 of the Dungeon.
You worshipped Vehumet.
Vehumet was aware of your devotion.
You were not hungry.

You visited 1 branch of the dungeon, and saw 5 of its levels.

You collected 242 gold pieces.

Inventory:

Hand weapons
 w - a +2 mace of holy wrath (weapon)
Missiles
 a - 124 stones (quivered)
Armour
 b - a +1 robe (worn)
 k - a +0 cloak (worn)
Magical devices
 v - a wand of confusion (43)
Scrolls
 f - 4 scrolls of remove curse
 n - 3 scrolls of enchant armour
 r - a scroll of recharging
 s - a scroll of teleportation
 t - a scroll of amnesia
Potions
 e - a potion of cancellation
 h - 2 potions of might
 i - 2 potions of heal wounds
 j - 2 potions of brilliance {unknown}
 m - 2 potions of curing {unknown}
 q - a potion of poison {unknown}
Books
 c - a book of Geomancy

   Spells                             Type                      Level
   a - Sandblast                      Earth                        1
   b - Stoneskin                      Transmutation/Earth          2
   c - Passwall                       Transmutation/Earth          3
   d - Stone Arrow                    Conjuration/Earth            3
   e - Petrify                        Transmutation/Earth          4
   f - Lee's Rapid Deconstruction     Earth                        5
Comestibles
 d - 4 bread rations
 g - 2 chunks of flesh
 l - a slice of pizza
 p - 3 meat rations
 u - a royal jelly


   Skills:
 + Level 0.0 Fighting
 + Level 0.0 Maces & Flails
 + Level 0.0 Armour
 + Level 1.5 Dodging
 - Level 2.1 Stealth
 * Level 5.4 Spellcasting
 + Level 3.5 Conjurations
 - Level 0.7 Transmutations
 + Level 6.0 Earth Magic
 + Level 0.0 Evocations


You had 5 spell levels left.
You knew the following spells:

 Your Spells              Type           Power        Failure   Level  Hunger
a - Sandblast             Erth           ####..       1%          1    None
b - Stoneskin             Trmt/Erth      ###.....     6%          2    #......
c - Stone Arrow           Conj/Erth      ###...       8%          3    ##.....
d - Lee's Rapid Deconstr  Erth           ####......   38%         5    ######.


Dungeon Overview and Level Annotations

Branches:
Dungeon (5/15)
 Temple: D:4-7

Altars:
Nemelex Xobeh
Okawaru
Qazlal
Sif Muna
Vehumet
Zin


Innate Abilities, Weirdness & Mutations

You are resistant to torment.
Your stone body is resilient (AC +4).
You are immune to poison.
You resist negative energy.
You are resistant to electric shocks.
You can survive without breathing.
You are immune to petrification.
You are immune to rotting.


Message History

You hear a shout!
Casting: Stoneskin
Confirm with . or Enter, or press ? or * to list all spells.
Aiming: Sandblast
Press: ? - help, Shift-Dir - straight line, f/p - orc
Aim: an orc (moderately wounded)
The blast of sand hits the orc warrior.
The orc warrior hits you with a flail.
Casting: Sandblast
Confirm with . or Enter, or press ? or * to list all spells.
Aiming: Sandblast
Press: ? - help, Shift-Dir - straight line, f - orc warrior
Aim: an orc warrior, wielding a flail and wearing a plate armour The blast of sand hits the orc warrior.
The orc warrior closely misses you.
Casting: Sandblast
Confirm with . or Enter, or press ? or * to list all spells.
Aiming: Sandblast
Press: ? - help, Shift-Dir - straight line, f/p - orc warrior
Aim: an orc warrior, wielding a flail and wearing a plate armour The blast of sand hits the orc warrior.
The orc warrior hits you with a flail!
You die...

.#######..#
... #.## .$
#.# #(. #.#
#(. #.#
#.8$ ##.#


oo# ##..# #o##.#.# #o@##.# #####.# ..# ### You could see an orc warrior, an orc
priest and 2 orcs.

Vanquished Creatures
  An ice beast (D:5)
  2 phantoms
  A scorpion (D:4)
  A crimson imp (D:4)
  Crazy Yiuf (D:2)
  2 worker ants
  A hound zombie (D:5)
  3 gnolls (D:3)
  4 adders
  2 worms
  4 giant geckos
  7 orcs
  2 ball pythons
  7 bats
  5 giant cockroaches
  11 goblins
  3 hobgoblins
  8 jackals
  4 quokkas
  10 giant newts
  6 kobolds
  9 rats
94 creatures vanquished.

Notes
Turn   | Place    | Note
--------------------------------------------------------------
     0 | D:1      | Ordine the Gargoyle Earth Elementalist began the quest for the Orb.
     0 | D:1      | Reached XP level 1. HP: 10/10 MP: 3/3
   371 | D:1      | Reached XP level 2. HP: 15/15 MP: 1/5
   375 | D:1      | Learned a level 2 spell: Stoneskin
   484 | D:1      | Reached skill level 4 in Earth Magic
   986 | D:2      | Reached XP level 3. HP: 19/19 MP: 1/7
   994 | D:2      | Learned a level 3 spell: Stone Arrow
  1226 | D:2      | Noticed Crazy Yiuf
  1235 | D:2      | Killed Crazy Yiuf
  1235 | D:2      | Reached XP level 4. HP: 24/24 MP: 2/9
  1326 | D:2      | Reached skill level 1 in Conjurations
  1753 | D:3      | Found a radiant altar of Vehumet.
  1757 | D:3      | Found a stormy altar of Qazlal.
  1759 | D:3      | Found a deep blue altar of Sif Muna.
  1759 | D:3      | Found a glowing silver altar of Zin.
  1763 | D:3      | Became a worshipper of Vehumet
  1890 | D:3      | Reached XP level 5. HP: 28/28 MP: 3/10
  1902 | D:3      | Learned a level 5 spell: Lee's Rapid Deconstruction
  2500 | D:4      | Found an iron altar of Okawaru.
  2518 | D:4      | Reached skill level 5 in Earth Magic
  2591 | D:4      | Acquired Vehumet's first power
  2591 | D:4      | Offered knowledge of Sting by Vehumet.
  2597 | D:4      | Reached XP level 6. HP: 11/32 MP: 0/12
  2783 | D:4      | Noticed a phantom
  2803 | D:4      | Killed a phantom
  3204 | D:4      | Found a sparkling altar of Nemelex Xobeh.
  3711 | D:5      | Entered Level 5 of the Dungeon
  3754 | D:5      | Reached skill level 5 in Spellcasting
  3754 | D:5      | Reached XP level 7. HP: 31/36 MP: 12/14
  3812 | D:5      | Reached skill level 6 in Earth Magic
  3847 | D:5      | Slain by an orc warrior

Vault maps used:
D:1:      elethiomel_arrival_quiet
D:2:      uniq_crazy_yiuf_cottage
D:3:      grunt_temple_overflow_open
D:4:      okawaru_trees_2, nemelex_lonely_heart_becter
D:5:      first_bread, kennysheep_small_spiral, guppyfry_early_orc_mine,
          uniq_edmund, uniq_duvessa, uniq_eustachio

Action                   |  1- 3 |  4- 6 |  7- 9 || total
-------------------------+-------+-------+-------++-------
Melee: Unarmed           |    10 |       |       ||    10
       Mace              |     6 |     8 |     5 ||    19
       Flail             |       |    62 |       ||    62
 Cast: Sandblast         |    53 |   134 |    16 ||   203
       Stoneskin         |       |       |     1 ||     1
  Use: Scroll            |     7 |     6 |       ||    13
 Stab: Sleeping          |     1 |       |       ||     1
  Eat: Chunk             |     1 |     8 |     1 ||    10
